 Dungeon Crawl Stone Soup version 0.31.0-32-g396128a36d (webtiles) character file.

Game seed: 17736385425431408130

2051 hawla the Carver (level 9, -16/68 HPs)
             Began as a Minotaur Gladiator on Apr 14, 2024.
             Demolished by a two-headed ogre
             ... wielding a +0 giant spiked club
              (27 damage)
             ... on level 6 of the Dungeon.
             The game lasted 00:09:29 (5535 turns).

hawla the Carver (Minotaur Gladiator)               Turns: 5535, Time: 00:09:29

Health: -16/68     AC:  7    Str: 20    XL:     9   Next: 4%
Magic:  0/8        EV: 12    Int:  5    God:
Gold:   109        SH:  5    Dex: 15    Spells: 8/8 levels left

rFire   . . .        s - +0 dagger (venom)
rCold   . . .        h - +0 buckler
rNeg    . . .        b - +0 leather armour
rPois   .            c - +0 hat
rElec   .            i - +2 cloak
rCorr   .            (no gloves)
SInv    +            l - +0 pair of boots
Will    .....        p - amulet of guardian spirit
Stlth   +            f - ring of see invisible
HPRegen 0.31/turn    (no ring)
MPRegen 0.11/turn

%: guardian spirit
@: about to teleport, invisible
A: horns 2, retaliatory headbutt
a: no special abilities


You were on level 6 of the Dungeon.
You visited 2 branches of the dungeon, and saw 7 of its levels.

You collected 321 gold pieces.
You spent 212 gold pieces at shops.

Inventory:

Hand Weapons
 a - a +0 long sword
 s - a +0 dagger of venom (weapon)
Missiles
 d - 3 throwing nets
 e - a javelin
 g - 18 poisoned darts (quivered)
 y - 5 boomerangs
Armour
 b - a +0 leather armour (worn)
 c - a +0 hat (worn)
 h - a +0 buckler (worn)
 i - a +2 cloak (worn)
 l - a +0 pair of boots (worn)
Jewellery
 f - a ring of see invisible (left hand)
 p - an amulet of guardian spirit (around neck)
 q - a ring of ice
Wands
 j - a wand of iceblast (8)
Scrolls
 k - a scroll of enchant armour
 m - a scroll of enchant weapon
 n - 3 scrolls of teleportation
 o - a scroll of revelation {unknown}
 r - a scroll of summoning {unknown}
 t - a scroll of fog {unknown}
 u - a scroll of vulnerability {unknown}
 x - a scroll of poison {unknown}
 z - a scroll of torment {unknown}
Potions
 v - a potion of invisibility
 w - 2 potions of brilliance


   Skills:
 - Level 2.4 Fighting
 - Level 8.4(10.2) Short Blades
 + Level 9.9(11.4) Long Blades
 - Level 2.0 Throwing
 + Level 3.7 Dodging
 - Level 5.0 Shields


You had 8 spell levels left.
You didn't know any spells.
Your spell library was empty.

Dungeon Overview and Level Annotations

Branches:
Dungeon (6/15)             Temple (1/1) D:5

Altars:
Cheibriados
Elyvilon
Fedhas
Hepliaklqana
Kikubaaqudgha
Makhleb
Nemelex Xobeh
Okawaru
Qazlal
Ru
Sif Muna
Trog
Uskayaw
Vehumet
Xom

Shops:
D:4 [(


Innate Abilities, Weirdness & Mutations

You have a pair of horns on your head.
You reflexively headbutt those who attack you in melee.


Message History

The yak is almost dead.
You block the yak's attack.
You barely miss the yak.
The yak is almost dead.
You hit the yak.
You kill the yak!
You hit the yak but do no damage.
The yak is poisoned.
You hit the yak.
The yak is lightly wounded.
The yak gores you but does no damage.
You barely miss the yak.
The yak is lightly wounded.
The yak misses you. You furiously retaliate!
You headbutt the yak. You barely miss the yak.
The yak is moderately wounded.
You hit the yak.
The yak looks as sick as possible!
You headbutt the yak!
The yak is heavily wounded.
The yak gores you.
You hit the yak but do no damage.
The yak looks as sick as possible!
You headbutt the yak.
The yak is severely wounded.
The two-headed ogre looks more healthy.
You hit the yak but do no damage.
The yak looks as sick as possible!
The yak is almost dead.
The yak gores you!
* * * LOW HITPOINT WARNING * * *
You fade into invisibility!
The yak closely misses you.
As you read the scroll labelled NEBIMY LUIWN, it crumbles to dust.
You feel strangely unstable.
It was a scroll of teleportation.
You kill the yak!
You have reached level 9!
Your experience leads to an increase in your attributes!
Increase (S)trength, (I)ntelligence, or (D)exterity?
You feel agile. x2
You barely miss the two-headed ogre. You headbutt the two-headed ogre!
The two-headed ogre is moderately wounded.
The two-headed ogre completely misses you.
The two-headed ogre hits you with a +0 giant club!!
You die...

#.....##......#####.###
#.....##.####....#.....
.#.....##.# ####.......
.......##.# ........
###..#####.#####
####.... #...#. ..#...
#....... ..#...
###.#####..#....
##.##.........#.....
.###..@OY.###..........
......###..##..#####....
........................
..#####......#....######
8 .Y...#######..###..
...Y.................
.8......#########.###.#
#....#### #..##.# ..###
##....#


You could see a two-headed ogre (unable to see you) and a yak (unable to see
you).

Vanquished Creatures
  2 yaks (D:6)
  A water moccasin (D:5)
  An orc warrior (D:6)
  A black bear (D:6)
  An ice beast (D:5)
  An ogre (D:4)
  A phantom (D:4)
  A bullfrog (D:5)
  A scorpion (D:4)
  2 wyvern zombies (D:5)
  A necrophage (D:5)
  A water moccasin zombie (D:5)
  A water moccasin skeleton (D:5)
  3 wights (D:6)
  2 bullfrog zombies (D:5)
  A bullfrog skeleton (D:5)
  4 hounds
  2 jellies
  An orc priest (D:6)
  A human zombie (D:5)
  A scorpion zombie (D:5)
  2 orc wizards
  2 iguanas
  A hound zombie (D:5)
  4 gnolls (D:5)
  A howler monkey skeleton (D:5)
  5 adders
  2 dart slugs
  A ribbon worm (D:5)
  18 orcs
  2 ball pythons (D:2)
  8 endoplasms
  2 giant cockroaches (D:4)
  6 goblins
  5 hobgoblins
  5 jackals
  5 kobolds
  7 quokkas
  7 bats
  9 rats
122 creatures vanquished.

Notes
Turn   | Place    | Note
-------+----------+-------------------------------------------
     0 | D:1      | hawla the Minotaur Gladiator began the quest for the Orb.
     0 | D:1      | Reached XP level 1. HP: 18/18 MP: 0/0
   111 | D:1      | Reached skill level 4 in Long Blades
   218 | D:1      | Reached XP level 2. HP: 25/25 MP: 1/1
   391 | D:1      | Found a faded altar of an unknown god.
   784 | D:2      | Reached skill level 5 in Long Blades
  1081 | D:2      | Reached XP level 3. HP: 29/30 MP: 2/2
  1758 | D:3      | Reached skill level 6 in Long Blades
  1758 | D:3      | Reached XP level 4. HP: 36/37 MP: 3/3
  2150 | D:3      | Found a snail-covered altar of Cheibriados.
  2153 | D:3      | Found a sparkling altar of Nemelex Xobeh.
  2558 | D:4      | Reached skill level 1 in Short Blades
  2570 | D:4      | Noticed a scorpion
  2583 | D:4      | Reached XP level 5. HP: 33/42 MP: 2/4
  2746 | D:4      | Found Jegih's Weapon Shoppe.
  2801 | D:4      | Noticed an ogre
  2809 | D:4      | Killed an ogre
  2810 | D:4      | Reached XP level 6. HP: 50/50 MP: 5/5
  2867 | D:4      | Reached skill level 5 in Short Blades
  3047 | D:4      | Found Vemaruap's Antique Armour Shoppe.
  3066 | D:4      | Bought a buckler for 112 gold pieces
  3070 | D:4      | Bought 5 boomerangs for 100 gold pieces
  3164 | D:4      | Found a burning altar of Makhleb.
  3231 | D:4      | Found a shimmering blue altar of Sif Muna.
  3235 | D:4      | Found a bloodstained altar of Trog.
  3533 | D:5      | Entered Level 5 of the Dungeon
  3602 | D:5      | Found a staircase to the Ecumenical Temple.
  3662 | Temple   | Entered the Ecumenical Temple
  3773 | D:5      | Reached XP level 7. HP: 56/56 MP: 6/6
  3949 | D:5      | Reached skill level 1 in Shields
  4257 | D:5      | Reached skill level 7 in Long Blades
  4308 | D:5      | Found an ancient bone altar of Kikubaaqudgha.
  4332 | D:5      | Reached XP level 8. HP: 56/62 MP: 5/7
  4576 | D:5      | Found a sacrificial altar of Ru.
  4892 | D:6      | Reached skill level 5 in Shields
  4924 | D:6      | Found a radiant altar of Vehumet.
  5021 | D:6      | Reached skill level 8 in Long Blades
  5304 | D:6      | Reached skill level 9 in Long Blades
  5504 | D:6      | Noticed a two-headed ogre
  5535 | D:6      | Reached XP level 9. HP: 11/68 MP: 1/8
  5535 | D:6      | Demolished by a two-headed ogre

Illustrated notes

Levels and vault maps discovered:
D:1:      lemuel_arrival_river_ford, layout_loops_cross,
          hellmonk_ecumenical_altar_leap_of_faith,
          nicolae_twisty_statue_hallways
D:2:      layout_basic, serial_bayou_pond_e, serial_bayou_pond_d, minivault_27
D:3:      layout_loops_ring, nicolae_overflow_squiral,
          hangedman_abyss_or_decor_stabs
D:4:      corexii_shack_village, layout_basic,
          hellmonk_overflow_destroyed_library, mainiacjoe_overflow_boulevard,
          nicolae_wooded_promenade, minivault_26
D:5:      layout_loops_ring, nicolae_ru_sacrificial_ziggurat,
          lemuel_mausoleum_altar_kikubaaqudgha, minmay_temple_entry_poolview,
          minmay_between
D:6:      layout_rooms, nicolae_overflow_crystal_walls, serial_shops,
          nicolae_shop_statue_plus, nicolae_benzene_ring
Temple:   nicolae_temple_great_sept

Skill      XL: |  1  2  3  4  5  6  7  8 |
---------------+-------------------------+-----
Long Blades    | 4 5 6 7 9 |  9.9
Short Blades   | 1 4 6 7 8 |  8.4
Shields        | 3 5 |  5.0
Fighting       | |  2.4
Throwing       | |  2.0
Dodging        | |  3.7

Action                     |  1- 3 |  4- 6 |  7- 9 || total
---------------------------+-------+-------+-------++-------
  Melee: Long sword        |    76 |    23 |   119 ||   218
         Headbutt          |    16 |    29 |    63 ||   108
         Punch             |     1 |     1 |       ||     2
         Dagger            |       |   104 |   141 ||   245
  Throw: Dart              |       |     1 |       ||     1
    Use: Scroll            |     6 |     2 |     2 ||    10
         Potion            |       |     3 |     5 ||     8
   Stab: Sleeping          |     1 |       |       ||     1
 Armour: Leather armour    |    34 |    72 |   123 ||   229
         Skin              |       |     4 |       ||     4
  Dodge: Dodged            |    39 |    62 |   107 ||   208
  Block: Buckler           |       |       |    51 ||    51
